Map: Dusk Towers

Players

MorN - Winner!

  • Race: Terran Terran
  • League: Master

PuRiFieD

  • Race: Protoss Protoss
  • League: Diamond

VOD

Have the link to the VOD?

Description

Time

  • Played on: Jan. 6, 2016, 3:44 p.m.
  • Length: 13:27
Show
View Real Time Build Order
Export as new Build Order

MorN Terran - Winner!

Build Orders: Reaper Expand, MMM Bio 

Get SALT Encoding   

  12  0:00  SCV  
  13  0:13  SCV  
  14  0:17  Supply Depot  
  14  0:25  SCV  
  15  0:39  SCV  
  15  0:41  Barracks  
  16  0:44  Refinery  
  16  0:51  SCV  
  17  1:03  SCV  
  18  1:15  SCV  
  19  1:29  Reaper, Orbital Command  
  20  1:42  Command Center  
  20  1:54  Supply Depot  
  20  1:58  SCV  
  21  2:07  Barracks  
  21  2:19  Barracks  
  21  2:20  SCV  
  21  2:21  Barracks Reactor  
  22  2:32  SCV  
  23  2:44  SCV  
  23  2:47  Factory  
  23  2:48  Refinery  
  24  2:56  Barracks Tech Lab, Orbital Command  
  24  2:57  SCV  
  24  2:58  Marine  
  26  3:00  Marine  
  27  3:10  SCV  
  28  3:15  Stimpack, Marine x2  
  30  3:26  SCV  
  31  3:29  Supply Depot  
  31  3:30  Engineering Bay  
  31  3:35  Starport  
  31  3:39  Marine  
  31  3:40  Marine  
  33  3:41  Factory Reactor  
  33  3:44  SCV  
  33  3:46  SCV  
  35  4:00  Marine x3  
  35  4:02  SCV  
  38  4:08  Marine  
  39  4:12  Supply Depot  
  39  4:18  Marine  
  39  4:20  SCV x2  
  39  4:24  Medivac x2  
  46  4:25  Marine x2  
  46  4:29  Factory Reactor  
  48  4:32  SCV x2  
  48  4:38  Refinery  
  50  4:44  SCV x2, Barracks Tech Lab  
  52  4:48  Marine x2  
  52  4:49  Marine  
  55  4:56  SCV  
  56  5:05  SCV, Marauder  
  61  5:07  Marauder  
  61  5:09  Terran Infantry Weapons Level 1  
  61  5:12  Supply Depot x2  
  61  5:14  Widow Mine x2  
  61  5:16  Marine x2  
  67  5:23  Combat Shields  
  67  5:29  SCV  
  67  5:39  Marine x2  
  67  5:40  Marauder  
  71  5:43  Medivac  
  71  5:47  SCV  
  71  5:48  SCV  
  75  5:50  Marine  
  75  5:51  Refinery  
  75  5:52  Command Center  
  76  5:57  Marine  
  76  6:01  Marauder  
  76  6:03  Marine  
  77  6:05  Widow Mine, Medivac  
  77  6:08  Marine  
  81  6:13  SCV  
  81  6:16  SCV  
  81  6:18  Supply Depot  
  83  6:21  Marine  
  83  6:22  Marine  
  85  6:28  Barracks  
  85  6:29  Barracks  
  85  6:38  Concussive Shells  
  85  6:39  Medivac x2  
  93  6:40  Marauder x2  
  93  6:41  SCV  
  93  6:42  Supply Depot  
  93  6:47  Supply Depot  
  94  6:53  SCV x2  
  92  7:01  Marine x2  
  92  7:03  Widow Mine  
  92  7:04  Marauder  
  92  7:08  Terran Infantry Armor Level 1  
  98  7:10  Supply Depot  
  98  7:14  Engineering Bay  
  98  7:17  Missile Turret  
  98  7:18  Missile Turret  
  98  7:20  Missile Turret  
  94  7:24  Orbital Command  
  94  7:32  Missile Turret  
  94  7:34  Supply Depot  
  94  7:36  SCV  
  95  7:37  SCV  
  96  7:48  SCV  
  78  8:06  SCV  
  78  8:07  Marine  
  78  8:08  Marauder  
  73  8:13  Marine x2  
  73  8:14  Marine, Marauder  
  67  8:22  Widow Mine x2  
  67  8:25  Marine  
  72  8:29  Marauder  
  72  8:30  Marine  
  72  8:31  Orbital Command, Marine  
  72  8:32  Marine  
  75  8:35  Marauder  
  73  8:43  Marine  
  73  8:45  Medivac x2  
  72  8:48  Marine  
  72  8:50  Marauder  
  72  8:51  Barracks Reactor, Barracks Tech Lab  
  75  8:56  Marine  
  75  9:00  Marine  
  77  9:03  Armory  
  77  9:05  SCV x2  
  77  9:06  Marine  
  77  9:07  Supply Depot  
  76  9:11  Marine  
  76  9:14  Marauder  
  73  9:18  Marine  
  73  9:22  Marine  
  75  9:24  Marine  
  75  9:25  SCV x3  
  75  9:28  Marine x2  
  75  9:29  Marine  
  82  9:32  Orbital Command  
  82  9:35  Marauder  
  82  9:36  Marine  
  85  9:40  Marine  
  85  9:42  Marine  
  87  9:46  Marine x2  
  87  9:47  Marauder  
  79  9:54  Marine  
  79  9:56  Marine  
  79  9:58  Marauder  
  79  9:59  Marine  
  81  10:04  Orbital Command  
  73  10:09  Marine x2  
  73  10:10  Medivac x2  
  75  10:15  SCV x2, Marine x2  
  79  10:24  Terran Infantry Weapons Level 2, Terran Infantry Armor Level 2  
  79  10:26  Marine x3  
  82  10:30  Barracks  
  82  10:32  Barracks, Marine x2  
  82  10:33  Barracks  
  82  10:34  Marauder  
  86  10:45  Marauder x2  
  87  10:56  SCV  
  87  10:57  SCV  
  89  10:59  Missile Turret  
  89  11:00  SCV, Missile Turret  
  89  11:03  Widow Mine x2  
  94  11:06  Terran Vehicle And Ship Armor Level 1  
  94  11:09  SCV, Medivac  
  97  11:11  Medivac  
  97  11:15  SCV  
  97  11:16  SCV  
  101  11:19  Supply Depot  
  101  11:20  Missile Turret  
  101  11:25  SCV  
  102  11:27  Missile Turret  
  102  11:30  Marauder x3  
  108  11:35  SCV  
  108  11:39  Barracks Reactor, Barracks Tech Lab x2  
  106  11:56  Marine  
  106  11:57  Marauder x2, Marine  
  106  12:01  Refinery x2, Marine x2  
  113  12:02  Medivac, Marauder  
  113  12:03  Medivac  
  113  12:04  SCV  
  121  12:12  Starport  
  121  12:14  Factory Reactor  
  121  12:18  Marine x2  
  121  12:19  Marauder  
  122  12:31  Marauder, Marine x2  
  122  12:36  Marine x2  
  121  12:37  Marauder  
  121  12:44  Marine x2  
  121  12:47  Marine x2  
  121  12:48  Marine  
  126  12:53  Marauder  
  122  13:05  Marine  
  122  13:06  Marine  
  130  13:20  Missile Turret  
Show
View Real Time Build Order
Export as new Build Order

PuRiFieD Protoss 

Build Orders: 1 Gate Expand, Blink Stalkers 

Get SALT Encoding   

  12  0:01  Probe (Chrono Boost)  
  13  0:13  Probe (Chrono Boost)  
  14  0:18  Pylon  
  14  0:23  Probe (Chrono Boost)  
  15  0:37  Probe (Chrono Boost)  
  15  0:38  Gateway  
  16  0:47  Probe (Chrono Boost)  
  17  0:58  Probe (Chrono Boost)  
  18  1:13  Nexus  
  18  1:21  Assimilator  
  18  1:26  Cybernetics Core  
  18  1:29  Probe (Chrono Boost)  
  19  1:34  Assimilator  
  19  1:39  Probe (Chrono Boost)  
  20  1:49  Pylon  
  20  1:50  Probe (Chrono Boost)  
  21  2:00  Probe (Chrono Boost)  
  22  2:04  Stalker (Chrono Boost)  
  23  2:11  Warp Gate  
  23  2:16  Probe  
  24  2:27  Probe  
  24  2:28  Probe  
  26  2:31  Stalker (Chrono Boost)  
  28  2:44  Twilight Council  
  28  2:51  Probe  
  28  2:52  Probe  
  28  2:55  Assimilator  
  30  3:01  Probe  
  30  3:04  Probe  
  32  3:12  Probe  
  33  3:20  Blink (Chrono Boost)  
  33  3:24  Probe  
  33  3:25  Probe  
  35  3:32  Forge  
  35  3:35  Probe  
  35  3:36  Pylon  
  35  3:40  Robotics Facility  
  36  3:44  Mothership Core  
  36  3:45  Probe  
  39  3:57  Protoss Ground Weapons Level 1  
  39  4:00  Probe  
  41  4:15  Gateway  
  40  4:17  Gateway  
  40  4:19  Gateway  
  40  4:26  Warp Prism (Chrono Boost)  
  42  4:33  Gateway  
  42  4:38  Gateway  
  42  4:40  Probe  
  43  4:54  Probe  
  45  5:00  Observer  
  45  5:05  Dark Shrine  
  45  5:11  Stalker  
  47  5:15  Pylon  
  47  5:16  Pylon  
  47  5:19  Stalker x3  
  53  5:23  Photon Cannon  
  51  5:37  Stalker x3  
  55  5:45  Stalker  
  57  5:54  Stalker x2  
  61  6:07  Warp Prism (Chrono Boost)  
  61  6:08  Stalker  
  65  6:43  Probe  
  65  6:45  Warp Prism (Chrono Boost)  
  66  7:02  Stalker x2  
  70  7:12  Pylon  
  70  7:14  Pylon  
  70  7:18  Probe (Chrono Boost)  
  70  7:19  Probe (Chrono Boost)  
  70  7:22  Nexus  
  64  7:24  Dark Templar  
  64  7:25  Dark Templar x2  
  70  7:31  Probe (Chrono Boost)  
  70  7:32  Stalker, Probe (Chrono Boost)  
  70  7:33  Stalker x2  
  78  7:41  Probe (Chrono Boost)  
  80  7:44  Probe (Chrono Boost)  
  55  8:21  Stalker x4  
  55  8:22  Stalker x2  
  65  8:45  Dark Templar x3  
  65  8:46  Stalker  
  65  8:52  Probe (Chrono Boost)  
  65  8:54  Probe (Chrono Boost)  
  67  8:58  Stalker x2  
  71  9:04  Probe (Chrono Boost)  
  71  9:05  Probe (Chrono Boost)  
  71  9:06  Probe (Chrono Boost)  
  62  9:19  Stalker  
  62  9:20  Stalker x2  
  66  9:25  Observer (Chrono Boost)  
  67  9:31  Zealot x3  
  73  9:43  Stalker x2  
  59  10:01  Stalker x3  
  47  10:17  Immortal (Chrono Boost)  
  47  10:20  Probe  
  51  10:22  Probe  
  51  10:24  Assimilator  
  51  10:25  Pylon  
  53  10:32  Pylon, Assimilator  
  53  10:36  Dark Templar  
  53  10:37  Zealot x2  
  59  10:45  Zealot x3  
  63  10:51  Immortal (Chrono Boost)  
  63  10:55  Probe  
  63  10:57  Probe  
  63  10:58  Gateway  
  63  10:59  Gateway  
  65  11:05  Dark Templar  
  67  11:12  Stalker x3  
  67  11:16  Probe, Gateway  
  74  11:18  Photon Cannon  
  74  11:22  Warp Prism (Chrono Boost)  
  73  11:31  Probe x2  
  77  11:34  Assimilator  
  77  11:35  Charge (Chrono Boost)  
  77  11:39  Probe  
  78  11:54  Dark Templar x2, Zealot x2  
  78  11:55  Zealot  
  78  11:58  Probe  
  87  12:05  Dark Templar  
  89  12:14  Zealot x2  
  93  12:18  Immortal  
  93  12:19  Dark Templar  
  93  12:21  Probe x2  
  93  12:28  Zealot  
  93  12:29  Zealot  
  73  12:37  Dark Templar x2  
  73  12:49  Sentry x3, Zealot x2  
  78  13:04  Zealot x2  
  67  13:12  Dark Templar x2  
Tags
 
Add a new tag
Caveats
  • Supply blocks, unpowered buildings, or Contaminate may cause inaccurate times.
  • Supply counts are checked every 10 seconds.